 Dungeon Crawl Stone Soup version 0.30.0-13-g156ef70053 (webtiles) character file.

Game seed: 15084864484351811159

539 JanusIIV the Conjurer (level 7, -2/55 HPs)
             Began as a Naga Conjurer on May 18, 2023.
             Was a Believer of Cheibriados.
             Slain by a killer bee (7 damage)
             ... on level 7 of the Dungeon.
             The game lasted 00:14:46 (3780 turns).

JanusIIV the Conjurer (Naga Conjurer)               Turns: 3780, Time: 00:14:47

Health: -2/55      AC:  3    Str: 18    XL:     7   Next: 26%
Magic:  13/14      EV: 10    Int: 24    God:    Cheibriados [**....]
Gold:   209        SH:  0    Dex: 13    Spells: 14/15 levels left

rFire   . . .        q - staff of earth "Wipoff" {Str+4}
rCold   . . .        (no shield)
rNeg    . . .        a - +0 robe
rPois   +            (no helmet)
rElec   .            (no cloak)
rCorr   .            (no gloves)
SInv    +            (no barding)
Will    .....        (no amulet)
Stlth   ++           (no ring)
HPRegen 0.29/turn    (no ring)
MPRegen 0.14/turn

%: no passive effects
@: very slow
A: AC +2, large, see invisible, deformed body, poison resistance, slowness 2,
spit poison 1, naga tail 1
a: Spit Poison, Renounce Religion, Bend Time


You were on level 7 of the Dungeon.
You worshipped Cheibriados.
Cheibriados was pleased with you.
You visited 1 branch of the dungeon, and saw 5 of its levels.

You collected 209 gold pieces.

Inventory:

Hand Weapons
 k - a +1 antimagic mace
Armour
 a - a +0 robe (worn)
 f - +0 shadow dragon scales
 h - a +0 ring mail
Magical Staves
 g - a staff of death
 q - the staff of earth "Wipoff" (weapon) {Str+4}
   (You found it on level 3 of the Dungeon)

   [staff of earth]

   Base accuracy: +5 Base damage: 5 Base attack delay: 1.2 This weapon's minimum
   attack delay (0.6) is reached at skill level 12.
   Str:       It affects your strength (+4).
   It falls into the 'Staves' category.
   It is a one-handed weapon.
Jewellery
 j - a ring of ice
Wands
 u - a wand of paralysis (12)
Scrolls
 b - a scroll of immolation {unknown}
 e - 2 scrolls of teleportation
 i - 3 scrolls of identify
 m - a scroll of butterflies {unknown}
 o - a scroll of amnesia {unknown}
 p - 2 scrolls of fog {unknown}
Potions
 c - a potion of brilliance
 d - 2 potions of berserk rage
 l - a potion of invisibility {unknown}
 n - a potion of flight {unknown}
 r - a potion of resistance {unknown}
 s - a potion of mutation {unknown}
 t - a potion of haste {unknown}


   Skills:
 - Level 1.8 Dodging
 - Level 3.0 Stealth
 + Level 4.7 Spellcasting
 + Level 6.9 Conjurations


You had 14 spell levels left.
You knew the following spells:

 Your Spells              Type           Power      Damage    Failure   Level
a - Magic Dart            Conj           100%       1d8       1%          1

Your spell library contained the following spells:

 Spells                   Type           Power      Damage    Failure   Level
 Searing Ray              Conj           78%        2d7       1%          2
 Dazzling Flash           Conj/Hex       44%        N/A       6%          3
 Hailstorm                Conj/Ice       22%        3d7       6%          3
 Freeze                   Ice            20%        1d4       9%          1
 Fulminant Prism          Conj/Hex       11%        3d8       22%         4
 Iskenderun's Mystic Bla  Conj/Tloc      22%        2d6       22%         4
 Frozen Ramparts          Ice            10%        1d2       26%         3
 Ozocubu's Armour         Ice            5%         N/A       26%         3
 Ice Form                 Ice/Tmut       5%         N/A       65%         4
 Summon Ice Beast         Ice/Summ       5%         N/A       65%         4
 Metabolic Englaciation   Hex/Ice        2%         N/A       94%         5
 Simulacrum               Ice/Necr       2%         N/A       100%        6


Dungeon Overview and Level Annotations

Branches:
Dungeon (4/15)
 Temple: D:4-7

Altars:
Cheibriados
Gozag
Makhleb

Shops:
D:3 =

Annotations:
D:3 1 runed translucent door, frost775's ghost, weakling GrFE


Innate Abilities, Weirdness & Mutations

Your serpentine skin is tough. (AC +2)
You have supernaturally acute eyesight. (SInv)
Armour fits poorly on your strangely shaped body.
Your system is resistant to poisons. (rPois)
You cover ground very slowly.
You can spit poison.
You have a snake-like lower body.


Message History

Casting: Magic Dart (safe; 1% risk of failure)
Confirm with . or Enter, or press ? or * to list all spells.
Aiming: Magic Dart (safe; 1% risk of failure)
Press: ? - help, Shift-Dir - straight line, f - ice beast
Aim: an ice beast (100% to hit)
The magic dart hits the ice beast.
The ice beast is lightly wounded.
The ice beast hits you. The ice beast freezes you.
Casting: Magic Dart (safe; 1% risk of failure)
Confirm with . or Enter, or press ? or * to list all spells.
Aiming: Magic Dart (safe; 1% risk of failure)
Press: ? - help, Shift-Dir - straight line, f/p - ice beast
Aim: an ice beast (lightly wounded, 100% to hit)
The magic dart hits the ice beast but does no damage.
The ice beast is lightly wounded.
Your surroundings suddenly seem different.
An orc priest, an orc wizard and 3 orcs come into view.
Found a pair of boots and 15 gold pieces.
Found a stone staircase leading up.
The orc shouts!
The orc priest shouts!
The orc shouts!
The orc priest invokes the aid of Beogh against you.
Pain shoots through your body!
The orc wizard shouts!
A killer bee comes into view. x2
Found a wand of paralysis (8).
The killer bee stings you! The killer bee barely misses you.
The killer bee closely misses you.
The orc priest invokes the aid of Beogh against you.
Beogh smites you!
There is a stone staircase leading up, spattered with blood here.
The killer bee buzzes angrily.
The killer bee stings you!
* * * LOW HITPOINT WARNING * * *
The orc wizard points at you and mumbles some strange words.
You easily resist.
The killer bee barely misses you.
The orc priest calls down the wrath of Beogh upon you.
Beogh smites you!
* * * LOW HITPOINT WARNING * * *
The killer bee stings you!
You die...

.##.# ..... .....###....
....[.#...# .
........o.## .. ..
...........#...
...........ooo......
###.#..........o.###..
#..........$.y....##
###(.......Y....@....#
......#.........y.##....
..................# y...
.............y..... .#.
"#....?...#......... #
.#....Y..###./.......
###.###..# ...........
### ............##..
>....


You could see an ice beast, 3 killer bees, an orc priest, an orc wizard and 3
orcs.

Vanquished Creatures
  Sigmund (D:2)
  2 black bears
  A sleepcap (D:3)
  9 adders
  3 worms
  4 dart slugs
  2 bats (D:1)
  5 endoplasms
  3 giant cockroaches
  10 goblins
  6 hobgoblins
  7 kobolds
  3 quokkas
  6 ball pythons
  4 frilled lizards
  11 rats
77 creatures vanquished.

Notes
Turn   | Place    | Note
-------+----------+-------------------------------------------
     0 | D:1      | JanusIIV the Naga Conjurer began the quest for the Orb.
     0 | D:1      | Reached XP level 1. HP: 15/15 MP: 3/3
   125 | D:1      | Reached XP level 2. HP: 17/22 MP: 0/5
   577 | D:1      | Reached XP level 3. HP: 28/28 MP: 2/6
  1042 | D:2      | Found a snail-covered altar of Cheibriados.
  1050 | D:2      | Became a worshipper of Cheibriados the Contemplative
  1176 | D:2      | Found a faded altar of an unknown god.
  1200 | D:2      | Reached skill level 5 in Conjurations
  1225 | D:2      | Reached XP level 4. HP: 35/36 MP: 2/7
  1565 | D:2      | Reached * piety under Cheibriados
  1692 | D:2      | Noticed Sigmund
  1796 | D:2      | Killed Sigmund
  1797 | D:2      | Reached skill level 6 in Conjurations
  1797 | D:2      | Reached XP level 5. HP: 35/42 MP: 0/10
  1797 | D:2      | Reached XP level 6. HP: 41/49 MP: 0/11
  2357 | D:3      | Noticed a black bear
  2371 | D:3      | Killed a black bear
  2608 | D:3      | Found Zoniweth's Jewellery Boutique.
  2815 | D:3      | Reached ** piety under Cheibriados
  2872 | D:3      | Identified the staff of earth "Wipoff" {Str+4}
  2882 | D:3      | Found an opulent altar of Gozag.
  3027 | D:3      | Found a runed translucent door.
  3027 | D:3      | Noticed frost775's ghost (weakling GrFE)
  3075 | D:3      | Reached XP level 7. HP: 46/55 MP: 7/13
  3711 | D:4      | Found a burning altar of Makhleb.
  3765 | D:4      | You fall into a shaft and drop 3 floors!
  3780 | D:7      | Slain by a killer bee

Illustrated notes

Levels and vault maps discovered:
D:1:      beargit_arrival_greenhouse, layout_loops_ring, minmay_cut_off
D:2:      layout_loops_corners, shapermc_ecumenical_altar_gd, basic_altar,
          minmay_misc_feat_cross, uniq_sigmund
D:3:      layout_rooms, grunt_gozag_breadcrumbs, serial_shops,
          nicolae_shop_statue_plus, gammafunk_ghost_grave, minmay_pentomino_pile
D:4:      layout_basic, mainiacjoe_overflow_catwalk
D:7:      layout_cave_pools, temple_green, uniq_duvessa

Skill      XL: |  1  2  3  4  5  6 |
---------------+-------------------+-----
Conjurations   | 5 6 |  6.9
Spellcasting   | 3 4 |  4.7
Dodging        | |  1.8
Stealth        | |  3.0

Action                     |  1- 3 |  4- 6 |  7- 9 || total
---------------------------+-------+-------+-------++-------
  Melee: Club              |     7 |       |       ||     7
         Mace              |     2 |    50 |       ||    52
   Cast: Magic Dart        |    31 |    60 |    17 ||   108
Ability: Spit Poison       |    12 |    25 |     1 ||    38
    Use: Scroll            |       |     4 |     1 ||     5
         Potion            |       |     3 |       ||     3
 Armour: Robe              |     3 |    19 |     1 ||    23
  Dodge: Dodged            |     4 |    56 |     3 ||    63
